 Dungeon Crawl Stone Soup version 0.28.0-45-g0d030f2227 (webtiles) character file.

Game seed: 10852602072393927060

2345 jimonade the Thaumaturge (level 9, -8/62 HPs)
             Began as a Djinni Fire Elementalist on Apr 8, 2022.
             Was an Initiate of Makhleb.
             Mangled by a spriggan
             ... wielding a +0 trident
              (16 damage)
             ... in a bailey.
             The game lasted 00:22:45 (8496 turns).

jimonade the Thaumaturge (Djinni Fire Elementalist) Turns: 8496, Time: 00:22:46

Health: -8/62      AC:  5    Str:  7    XL:     9   Next: 71%
Gold:   302        EV: 10    Int: 20    God:    Makhleb [......] SH:  0 Dex: 15

rFire   + + .      SeeInvis .   J - +2 hand axe (vamp)
rCold   . . .      Faith    .   (no shield)
rNeg    . . .      Spirit   .   k - +0 ring mail
rPois   ∞          Reflect  .   (no helmet)
rElec   .          Harm     .   (no cloak)
rCorr   .          Rampage  .   (no gloves)
Will    .....                   (boots unavailable)
Stlth   +.........              (no amulet)
HPRegen 0.20/turn               t - ring of protection from cold
MPRegen 0.00/turn               (no ring)

@: flying
A: sickness immunity, fire resistance 2, cold vulnerability 1, float, innate
caster, HP casting, extra vitality 1
a: Renounce Religion


You were in a bailey.
You worshipped Makhleb.
Makhleb was noncommittal.
You visited 2 branches of the dungeon, and saw 8 of its levels.
You also visited: Bailey.

You collected 302 gold pieces.

Inventory:

Hand Weapons
 e - a +5 whip
 l - a +1 trident of flaming
 x - a +2 whip of venom
 F - a +3 spear
 J - a +2 vampiric hand axe (weapon)
Missiles
 f - 48 bolts
 i - 173 stones
 m - 58 sling bullets
 n - 10 poisoned darts
 r - 54 arrows
 y - 7 boomerangs
Armour
 a - a +0 robe
 j - a +0 chain mail
 k - a +0 ring mail (worn)
 s - a +0 leather armour
Jewellery
 t - a ring of protection from cold (left hand)
 C - a +4 ring of protection
 D - a ring of protection from fire
Wands
 p - a wand of charming (8)
 z - a wand of iceblast (1)
 I - a wand of polymorph (8)
Scrolls
 c - 3 scrolls of teleportation {unknown}
 d - 2 scrolls of identify
 h - 2 scrolls of enchant weapon {unknown}
 o - a scroll of immolation {unknown}
 u - a scroll of amnesia {unknown}
 v - a scroll of holy word {unknown}
 E - a scroll of fear {unknown}
 G - a scroll of vulnerability {unknown}
 H - a scroll of fog {unknown}
Potions
 b - a potion of heal wounds {unknown}
 g - a potion of might {unknown}
 q - a potion of curing
 w - a potion of flight {unknown}
 A - a potion of attraction {unknown}
 B - a potion of haste {unknown}
 K - a potion of lignification {unknown}


   Skills:
 * Level 4.1 Fighting
 + Level 1.5 Maces & Flails
 + Level 3.5 Armour
 + Level 2.8 Dodging
 - Level 1.5 Stealth
 * Level 8.5 Spellcasting


You had 2 spell levels left.
You knew the following spells:

 Your Spells              Type           Power      Damage    Failure   Level
a - Foxfire               Conj/Fire      100%       2x1d9     1%          1
b - Scorch                Fire           84%        2d9       1%          2
c - Conjure Flame         Conj/Fire      42%        6-21      2%          3
d - Inner Flame           Hex/Fire       42%        N/A       2%          3
e - Flame Wave            Conj/Fire      42%        2d9       8%          4
f - Animate Skeleton      Necr           84%        N/A       1%          1
g - Searing Ray           Conj           84%        2d7       1%          2
h - Frozen Ramparts       Ice            84%        1d10      2%          3
i - Passage of Golubria   Tloc           42%        N/A       8%          4
Your spell library was empty.

Dungeon Overview and Level Annotations

Branches:
Dungeon (7/15)             Temple (1/1) D:5          Bailey (1/1)

Altars:
Ashenzari
Cheibriados
Dithmenos
Elyvilon
Fedhas
Gozag
Hepliaklqana
Kikubaaqudgha
Makhleb
Nemelex Xobeh
Okawaru
Qazlal
Ru
Sif Muna
Trog
Uskayaw
Vehumet
Wu Jian
Xom
Yredelemnul
Zin
The Shining One

Shops:
D:4 (   D:6 ?


Innate Abilities, Weirdness & Mutations

You are immune to sickness and miasma.
You are immune to poison.
Your flesh is very heat resistant. (rF++)
You are vulnerable to cold. (rC-)
You float through the air rather than walking.
You learn spells naturally, not from books.
Your magical power is your life essence.
You have superior vitality. (+4 MHP)


Message History

Flames lash the spriggan.
You kill the spriggan!
Makhleb accepts your kill.
You hear a splash.
* * * LOW HITPOINT WARNING * * *
The spriggan splashes around in the water.
Casting: Scorch (safe; 1% risk of failure)
Confirm with . or Enter, or press ? or * to list all spells.
Flames lash the ogre.
You kill the ogre!
Makhleb accepts your kill.
You hear a splash.
* * * LOW HITPOINT WARNING * * *
You hear a shout!
The spriggan barely misses you.
Your Fighting skill increases to level 4!
Casting: Scorch (safe; 1% risk of failure)
Confirm with . or Enter, or press ? or * to list all spells.
Flames lash the spriggan.
You kill the spriggan!
Makhleb accepts your kill.
You hear a splash.
* * * LOW HITPOINT WARNING * * *
The ogre is engulfed in a cloud of scalding steam.
Casting: Scorch (safe; 1% risk of failure)
Confirm with . or Enter, or press ? or * to list all spells.
Flames lash the ogre.
The ogre is severely wounded.
The ogre's fire resistance burns away.
* * * LOW HITPOINT WARNING * * *
The ogre is engulfed in a cloud of scalding steam.
You kill the ogre!
Makhleb accepts your kill.
You hear a splash.
You start resting.
A spriggan comes into view. It is wielding a +0 trident.
An ogre comes into view. It is wielding a +0 halberd.
There are monsters nearby!
The spriggan hits you from afar with a +0 trident!
You die...

#..# #..#
#..♣######..#
#.........#
#.......#
#)≈≈≈≈# #))O≈≈#
###≈≈≈≈≈###
##.i.......##
##@..........##
#....∩...∩....#
##...........##
##.........##
###.....###
#######


You could see an ogre (wandering) and a spriggan.

Vanquished Creatures
  2 spriggans (Bailey)
  Menkaure (D:5)
  A black bear (D:6)
  An ice beast (D:5)
  5 ogres
  2 necrophages (D:5)
  2 phantoms (D:6)
  2 bullfrogs
  2 water moccasin skeletons (D:4)
  3 wights (D:6)
  A bullfrog zombie (D:3)
  A jelly (D:5)
  2 orc priests (D:4)
  A bullfrog skeleton (D:5)
  3 hounds
  Natasha (thrice) (D:3)
  Jessica (D:2)
  2 orc wizards
  A hound skeleton (D:5)
  12 adders
  4 gnolls
  A white imp (D:5)
  2 adder skeletons (D:4)
  A worm (D:2)
  15 orcs
  2 bats
  9 endoplasms
  4 giant cockroaches
  11 goblins
  7 hobgoblins
  A quokka (D:2)
  8 ball pythons
  8 frilled lizards
  9 kobolds
  A rat (D:1)
131 creatures vanquished.

Vanquished Creatures (others)
  273 foxfires
  4 fungi (D:3)
  A plant (D:3)
278 creatures vanquished.

Grand Total: 409 creatures vanquished

Notes
Turn   | Place    | Note
-------+----------+-------------------------------------------
     0 | D:1      | jimonade the Djinni Fire Elementalist began the quest for
                  | the Orb.
     0 | D:1      | Reached XP level 1. HP: 15/15 MP: 0/0
   295 | D:1      | Reached XP level 2. HP: 19/21 MP: 0/0
   887 | D:2      | Noticed Jessica
  1060 | D:2      | Reached skill level 3 in Spellcasting
  1118 | D:2      | Reached skill level 1 in Fighting
  1118 | D:2      | Reached XP level 3. HP: 24/27 MP: 0/0
  1118 | D:2      | Learned a level 1 spell: Animate Skeleton
  1405 | D:2      | Killed Jessica
  1406 | D:2      | Reached XP level 4. HP: 26/32 MP: 0/0
  2208 | D:2      | Reached XP level 5. HP: 35/37 MP: 0/0
  2208 | D:2      | Learned a level 2 spell: Searing Ray
  2576 | D:3      | Noticed a bullfrog
  2586 | D:3      | Killed a bullfrog
  2587 | D:3      | Reached skill level 4 in Spellcasting
  2840 | D:3      | Reached XP level 6. HP: 36/43 MP: 0/0
  2950 | D:3      | Noticed Natasha
  2953 | D:3      | Killed Natasha
  3049 | D:3      | Found a faded altar of an unknown god.
  3165 | D:3      | Reached skill level 1 in Maces & Flails
  3577 | D:3      | Noticed Natasha
  3579 | D:3      | Killed Natasha
  3713 | D:3      | Noticed Natasha
  3723 | D:3      | Killed Natasha
  3724 | D:3      | Reached skill level 1 in Armour
  3982 | D:4      | Found Yzaom's Antique Weapon Shoppe.
  4021 | D:4      | Reached XP level 7. HP: 26/49 MP: 0/0
  4021 | D:4      | Learned a level 3 spell: Frozen Ramparts
  4384 | D:4      | Found an opulent altar of Gozag.
  4462 | D:4      | Reached skill level 5 in Spellcasting
  5588 | D:5      | Entered Level 5 of the Dungeon
  5717 | D:5      | Reached XP level 8. HP: 51/55 MP: 0/0
  5772 | D:5      | Reached skill level 6 in Spellcasting
  5795 | D:5      | Found a staircase to the Ecumenical Temple.
  5916 | D:5      | Noticed Menkaure
  6184 | D:5      | Killed Menkaure
  6803 | Temple   | Entered the Ecumenical Temple
  7087 | Temple   | Became a worshipper of Makhleb the Destroyer
  7452 | D:6      | Reached skill level 7 in Spellcasting
  7567 | D:6      | Reached XP level 9. HP: 58/61 MP: 0/0
  7567 | D:6      | Learned a level 4 spell: Passage of Golubria
  8096 | D:6      | Found Molynta's Magic Scroll Emporium.
  8434 | D:7      | Found a flagged portal.
  8442 | D:7      | Reached skill level 8 in Spellcasting
  8452 | Bailey   | Entered a bailey
  8496 | Bailey   | Mangled by a spriggan

Illustrated notes

Levels and vault maps discovered:
D:1:      scummos_arrival_hexagon, layout_basic
D:2:      layout_loops_corners, st_stairs_2, minmay_pentomino_t4, uniq_jessica
D:3:      layout_loops_ring, shapermc_ecumenical_altar_rom_forum, uniq_natasha
D:4:      layout_gridville, nicolae_gozag_cash_rules_everything_around_me,
          nicolae_inconvenience_store, dk_noncrumbling_2
D:5:      cheibrodos_helix_gallery, layout_basic, temple_pool_b, uniq_menkaure
D:6:      layout_basic, serial_shops, nicolae_shop_hallway_stairs,
          chequers_serial_rivers_marsh
D:7:      layout_basic, enter_bailey_5, minmay_misc_feat_hallway
Temple:   regret_index_temple_sigil_plot
Bailey:   bailey_polearm_enchanted_keep_hellmonk, bailey

Skill      XL: |  1  2  3  4  5  6  7  8  9 |
---------------+----------------------------+-----
Spellcasting   | 3 4 5 7 8 |  8.5
Fighting       | 1 2 3 4 |  4.1
Maces & Flails | 1 |  1.5
Armour         | 1 2 3 |  3.5
Dodging        | |  2.8
Stealth        | |  1.5

Action                   |  1- 3 |  4- 6 |  7- 9 || total
-------------------------+-------+-------+-------++-------
Melee: Whip              |     5 |    10 |    13 ||    28
 Cast: Foxfire           |    34 |    45 |    88 ||   167
       Scorch            |       |    30 |    45 ||    75
       Conjure Flame     |       |     1 |       ||     1
       Frozen Ramparts   |       |       |     5 ||     5
  Use: Scroll            |       |       |     3 ||     3
       Potion            |       |       |     1 ||     1
 Stab: Sleeping          |     1 |       |       ||     1
Armor: Robe              |     1 |       |       ||     1
       Leather armour    |       |     6 |     4 ||    10
       Ring mail         |       |       |     2 ||     2
Dodge: Dodged            |       |    11 |    20 ||    31
